 Dungeon Sprint DCSS version 0.28.0-43-g3370ac3207 (webtiles) character file.

Game seed: 18182089895258167554

389 boopmooplesden the Cleaver (level 6, -1/61 HPs)
             Began as a Minotaur Berserker on Mar 10, 2022.
             Was a Believer of Trog.
             Slain by a neqoxec (9 damage)
             ... in the Dungeon (Sprint II: "The Violet Keep of Menkaure").
             The game lasted 00:00:22 (42 turns).

boopmooplesden the Cleaver (Minotaur Berserker)       Turns: 42, Time: 00:00:22

Health: -1/61      AC:  2    Str: 24      XL:     6   Next: 50%
Magic:  4/4        EV: 13    Int:  3 (4)  God:    Trog [**....]
Gold:   0          SH:  0    Dex:  9      Spells: 5/5 levels left

rFire   . . .      SeeInvis .   a - +0 hand axe
rCold   . . .      Faith    .   (no shield)
rNeg    . . .      Spirit   .   b - +0 animal skin
rPois   .          Reflect  .   (helmet restricted)
rElec   .          Harm     .   (no cloak)
rCorr   .          Rampage  .   (no gloves)
Will    .....      NoTele   +   (no boots)
Stlth   +.........              (no amulet)
HPRegen 0.20/turn               (no ring)
MPRegen 0.09/turn               (no ring)

@: on berserk cooldown, slowed, lost intelligence, unable to read, very slow
A: horns 2, retaliatory headbutt, deterioration 1, frail 1, low MP 1, screaming
1, no potion heal 1, inability to read while threatened, devolution 1
a: Renounce Religion, Berserk, Trog's Hand


You were in the Dungeon.
You worshipped Trog.
Trog was pleased with you.
You visited 1 branch

Inventory:

Hand Weapons
 a - a +0 hand axe (weapon)
Armour
 b - a +0 animal skin (worn)
Scrolls
 h - a scroll of blinking
Potions
 c - a potion of curing
 e - a potion of haste
 f - 2 potions of magic
 g - a potion of berserk rage


   Skills:
 + Level 11.0 Fighting
 + Level 11.1 Axes
 + Level 5.7 Armour
 + Level 5.9 Dodging


You had 5 spell levels left.
You didn't know any spells.
Your spell library was empty.

Dungeon Overview and Level Annotations

Branches:
Dungeon (1/1)

Altars:


Innate Abilities, Weirdness & Mutations

You have a pair of horns on your head.
You reflexively headbutt those who attack you in melee.
Your body sometimes deteriorates upon taking damage.
You are frail. (-10% HP)
Your magical capacity is low. (-10% MP)
You occasionally shout uncontrollably at your foes.
Potions are less effective at restoring your health.
You sometimes lose the ability to read scrolls when taking damage.
You have hidden genetic defects.


Message History

Something feeds on your intellect! The neqoxec gestures at you.
Strange energies course through your body.
You feel the urge to shout.
You barely miss the neqoxec.
The neqoxec is almost dead.
The neqoxec gestures at you.
Strange energies course through your body.
You feel a hidden malignance growing inside you.
You hit the neqoxec but do no damage. Your headbutt misses the neqoxec.
The neqoxec is almost dead.
The neqoxec hits you!
* * * LOW HITPOINT WARNING * * *
You slash the neqoxec!
You kill the neqoxec!
Trog accepts your kill.
You feel your intelligence returning.
Your Fighting skill gained 2 levels and is now at level 11!
Your Axes skill increases to level 11!
You have reached level 6!
Your system partially rejects the healing.
You feel much better. The neqoxec misses you. You furiously retaliate!
You headbutt the neqoxec! The neqoxec hits you.
* * * LOW HITPOINT WARNING * * *
You closely miss the neqoxec.
The neqoxec is moderately wounded.
The neqoxec hits you.
* * * LOW HITPOINT WARNING * * *
You hit the neqoxec. You headbutt the neqoxec.
The neqoxec is severely wounded.
The neqoxec misses you. You furiously retaliate!
You headbutt the neqoxec.
You feel a genetic drift.
You feel yourself wasting away.
You hit the neqoxec but do no damage.
The neqoxec is severely wounded.
The neqoxec misses you. You furiously retaliate!
You headbutt the neqoxec. You closely miss the neqoxec.
The neqoxec is almost dead.
The neqoxec hits you!
You die...

## #.#
#3## #
#@# .##
##.##B..#
+.<.+#
##.##B..#
#+# .## #


You could see a neqoxec.

Vanquished Creatures
  3 neqoxecs (D)
3 creatures vanquished.

Notes
Turn   | Place    | Note
-------+----------+-------------------------------------------
     0 | D        | boopmooplesden the Minotaur Berserker began the quest for
                  | the Orb.
     0 | D        | Reached XP level 1. HP: 19/19 MP: 0/0
     1 | D        | Noticed a boulder beetle
     1 | D        | Noticed a boulder beetle
     4 | D        | Noticed a neqoxec
    11 | D        | Noticed a neqoxec
    12 | D        | Gained mutation: Potions are less effective at restoring
                  | your health. [a neqoxec]
    14 | D        | Gained mutation: You sometimes lose the ability to read
                  | scrolls when taking damage. [a neqoxec]
    15 | D        | Killed a neqoxec
    15 | D        | Noticed a neqoxec
    16 | D        | Reached XP level 2. HP: 35/35 MP: 1/1
    16 | D        | Reached XP level 3. HP: 40/40 MP: 2/2
    16 | D        | Reached XP level 4. HP: 48/48 MP: 3/3
    21 | D        | Noticed a neqoxec
    22 | D        | Killed a neqoxec
    22 | D        | Reached ** piety under Trog
    23 | D        | Reached skill level 10 in Axes
    23 | D        | Reached skill level 5 in Armour
    23 | D        | Reached skill level 5 in Dodging
    23 | D        | Reached XP level 5. HP: 58/58 MP: 4/4
    25 | D        | Gained mutation: Your magical capacity is low. (-10% MP) [a
                  | neqoxec]
    28 | D        | Lost intelligence.
    33 | D        | Gained mutation: You are frail. (-10% HP) [a neqoxec]
    34 | D        | Gained mutation: You occasionally shout uncontrollably at
                  | your foes. [a neqoxec]
    35 | D        | Gained mutation: You have hidden genetic defects. [a
                  | neqoxec]
    36 | D        | HP: 2/52 [neqoxec (13)]
    37 | D        | Killed a neqoxec
    38 | D        | Reached XP level 6. HP: 2/61 MP: 4/4
    40 | D        | Gained mutation: Your body sometimes deteriorates upon
                  | taking damage. [hidden defects]
    42 | D        | Slain by a neqoxec

Illustrated notes

Levels and vault maps discovered:
D:        the_violet_keep_of_menkaure [sprint2_stairs_cluster_1,
          sprint2_shoproom, sprint2_temple, sprint2_basic_supplies,
          sprint2_obstacle_3, sprint2_obstacle_1, sprint2_obstacle_6,
          sprint2_obstacle_7, sprint2_obstacle_5, sprint2_timed_cluster_1,
          sprint2_smallroom_cluster_1, sprint2_smallroom_final_cluster_1,
          sprint2_transparent_cluster_1, sprint2_second_timed_cluster_1,
          sprint2_sniper_area_1, sprint2_heavy_combat_area_1,
          sprint2_mutation_trap_area_1, sprint2_forest_area_1,
          sprint2_light_combat_area_1, sprint2_behind_water_1,
          sprint2_near_end_vault_1]

Skill      XL: |  1  2  3  4  5 |
---------------+----------------+-----
Fighting       | 8 9 11 | 11.0
Axes           | 8 10 11 | 11.1
Armour         | 4 5 |  5.7
Dodging        | 4 5 |  5.9

Action                   |  1- 3 |  4- 6 || total
-------------------------+-------+-------++-------
Melee: Hand axe          |    10 |    23 ||    33
       Headbutt          |       |     2 ||     2
Invok: Berserk           |     1 |       ||     1
  Use: Potion            |       |     1 ||     1
Dodge: Dodged            |     2 |     7 ||     9
